 Dungeon Crawl Stone Soup version 0.30-a0-726-gd89dcf765f (webtiles) character file.

Game seed: 6703989537948162625

74 tkbsonic5 the Magician (level 4, -5/24 HPs)
             Began as a Deep Elf Fire Elementalist on Jan 29, 2023.
             Slain by a gnoll
             ... wielding a +0 whip
              (7 damage)
             ... on level 2 of the Dungeon on Jan 30, 2023.
             The game lasted 00:06:06 (1692 turns).

tkbsonic5 the Magician (Deep Elf Fire Elementalist) Turns: 1692, Time: 00:06:07

Health: -5/24      AC:  3    Str:  5    XL:     4   Next: 10%
Magic:  0/12       EV: 12    Int: 22    God:
Gold:   69         SH:  0    Dex: 15    Spells: 5/11 levels left

rFire   . . .      SeeInvis .    c - +0 dagger
rCold   . . .      Faith    .    (no shield)
rNeg    . . .      Spirit   .    a - +0 robe
rPois   .          Reflect  .    (no helmet)
rElec   .          Harm     .    (no cloak)
rCorr   .          Rampage  .    j - +0 pair of gloves
Will    .....                    (no boots)
Stlth   ++                       (no amulet)
HPRegen 0.24/turn                (no ring)
MPRegen 0.13/turn                (no ring)

@: no status effects
A: no striking features
a: no special abilities


You were on level 2 of the Dungeon.
You visited 1 branch of the dungeon, and saw 2 of its levels.

You collected 69 gold pieces.

Inventory:

Hand Weapons
 c - a +0 dagger (weapon)
Missiles
 e - 4 silver javelins
 f - 3 poisoned darts
Armour
 a - a +0 robe (worn)
 j - a +0 pair of gloves (worn)
 k - a +0 ring mail
Scrolls
 d - 3 scrolls of identify {unknown}
 h - a scroll of noise {unknown}
 i - a scroll of magic mapping {unknown}
Potions
 g - a potion of heal wounds {unknown}


   Skills:
 - Level 2.4 Dodging
 * Level 3.6 Stealth
 * Level 4.0 Spellcasting
 + Level 1.8 Conjurations
 + Level 0.4 Translocations
 * Level 3.9 Fire Magic
 + Level 0.2 Air Magic


You had 5 spell levels left.
You knew the following spells:

 Your Spells              Type           Power      Damage    Failure   Level
a - Foxfire               Conj/Fire      68%        2x1d7     3%          1
b - Scorch                Fire           42%        2d7       3%          2
c - Kindle Blastsparks    Fire/Tloc/Air  22%        2d11      19%         3

Your spell library contained the following spells:

 Spells                   Type           Power      Damage    Failure   Level
 Inner Flame              Hex/Fire       13%        N/A       16%         3
 Flame Wave               Conj/Fire      17%        2d7       34%         4


Dungeon Overview and Level Annotations

Branches:
Dungeon (2/15)

Altars:


Message History

Your magical contamination has completely faded away.
Magic courses through your body.
Flames lash the gnoll.
The gnoll is moderately wounded.
The gnoll's fire resistance burns away.
The gnoll hits you with a +0 whip.
Flames lash the gnoll.
The gnoll is almost dead.
The gnoll's fire resistance burns away.
The gnoll hits you with a +0 whip.
Flames lash the gnoll.
The gnoll is burned terribly!
You kill the gnoll!
The gnoll closely misses you.
Your Spellcasting skill increases to level 4!
Casting: Scorch (safe; 3% risk of failure)
Press: ? - help, Q - select action, (/) - cycle Dir - look around, f - activate Look: a gnoll, wielding a +0 whip (moderately wounded) Flames lash the gnoll.
The gnoll is burned terribly!
The gnoll is severely wounded.
The gnoll completely misses you.
Flames lash the gnoll.
The gnoll is burned terribly!
You kill the gnoll!
The gnoll hits you with a +0 whip!
* * * LOW HITPOINT WARNING * * *
You have reached level 4!
You feel clever. The gnoll attacks as you move away!
The gnoll closely misses you.
Found a scroll labelled JYDYFR FAMEXUN.
The gnoll attacks as you move away! The gnoll barely misses you.
The gnoll attacks as you move away! The gnoll hits you with a +0 whip.
* * * LOW HITPOINT WARNING * * *
Casting: Scorch (safe; 3% risk of failure)
Confirm with . or Enter, or press ? or * to list all spells.
Okay, then.
Okay, then.
Casting: Scorch (safe; 3% risk of failure)
Press: ? - help, Q - select action, (/) - cycle Dir - look around, f - activate Flames lash the gnoll.
The gnoll is severely wounded.
The gnoll's fire resistance burns away.
The gnoll hits you with a +0 whip!
You die...

...~~##~~~~.#..#
..#.~.##≈≈.P####.#
.###~#.##~~~..P#.#
..#~≈~..##≈≈~..#.#
#g#
...~~.##.##≈~P.#?#
#.#
..#~≈~.##.##~~P#.#
#.#
.###.~~P...##~~#.#
#.#
..#~≈~~...######.#
#.# ...~~~~....P
#@# #.#[
..#≈~~~.#..# #g#
#.#.##
.###.~~..#.P #.#
#)#..#
..#~~~~..... #.#
#####.##.#
...~≈~~...##
#.###.....##.#
..#≈≈~~.##.P
#..##.###.##.#
.###.~~..# .
#....)#!#..#.#
..#..~~##.#
#.###)###....#
..##############.#
#.....##.#


You could see a gnoll (combustible).

Vanquished Creatures
  4 gnolls (D:2)
  A worm (D:2)
  A dart slug (D:1)
  3 endoplasms
  3 giant cockroaches (D:1)
  3 goblins (D:1)
  2 jackals (D:1)
  6 ball pythons
  3 bats (D:1)
  A frilled lizard (D:1)
  4 kobolds (D:1)
  2 rats
33 creatures vanquished.

Vanquished Creatures (collateral kills)
  5 foxfires (D:1)
5 creatures vanquished.

Vanquished Creatures (others)
  95 foxfires
  2 plants (D:1)
97 creatures vanquished.

Grand Total: 135 creatures vanquished

Notes
Turn   | Place    | Note
-------+----------+-------------------------------------------
     0 | D:1      | tkbsonic5 the Deep Elf Fire Elementalist began the quest
                  | for the Orb.
     0 | D:1      | Reached XP level 1. HP: 10/10 MP: 6/6
   230 | D:1      | Reached XP level 2. HP: 15/15 MP: 5/8
   270 | D:1      | Learned a level 2 spell: Scorch
  1026 | D:1      | Reached XP level 3. HP: 19/19 MP: 7/10
  1261 | D:2      | Learned a level 3 spell: Kindle Blastsparks
  1684 | D:2      | Reached skill level 4 in Spellcasting
  1686 | D:2      | Reached XP level 4. HP: 3/24 MP: 1/12
  1691 | D:2      | HP: 1/24 [gnoll/+0 whip (3)]
  1692 | D:2      | Slain by a gnoll

Illustrated notes

Levels and vault maps discovered:
D:1:      dpeg_arrival_three_same_balls, layout_basic, serial_forest,
          infiniplex_forest_clump_C, infiniplex_forest_clump_tiny,
          infiniplex_forest_lined_corner, infiniplex_forest_straight_1,
          infiniplex_forest_clump_tiny, infiniplex_forest_lined_2,
          infiniplex_forest_lined_room_, infiniplex_forest_lined_2,
          infiniplex_forest_corner_2, serial_bayou_lake_a
D:2:      wad_lake_hut, layout_basic, hellmonk_ecumenical_altar_lost_god,
          st_stairs_10, item_on_display_a, uniq_robin, uniq_natasha

Skill      XL: |  1  2  3 |
---------------+----------+-----
Stealth        | 3 |  3.6
Spellcasting   | 4 |  4.0
Dodging        | |  2.4
Conjurations   | |  1.8
Translocations | |  0.4
Fire Magic     | |  3.9
Air Magic      | |  0.2

Action                     |  1- 3 |  4- 6 || total
---------------------------+-------+-------++-------
  Melee: Dagger            |     2 |       ||     2
   Cast: Foxfire           |    59 |       ||    59
         Scorch            |    16 |     1 ||    17
         Kindle Blastspark |     2 |       ||     2
    Use: Potion            |     1 |       ||     1
   Stab: Sleeping          |     1 |       ||     1
 Armour: Robe              |     1 |       ||     1
  Dodge: Dodged            |     4 |     2 ||     6

Table legend: (Time is in decaauts)
 A = Elapsed time spent in this place.
 B = Non-inter-level travel time spent in this place.
 C = Inter-level travel time spent in this place.
 D = Time resting spent in this place.
 E = Time spent auto-exploring this place.
 F = Levels seen in this place.
 G = Mean time per level.
                   A        B        C        D        E       F      G
               +--------+--------+--------+--------+--------+-----+--------+
         Total |   1768 |   1742 |     26 |     90 |   1397 |   2 |  884.0 |
       Dungeon |   1768 |   1742 |     26 |     90 |   1397 |   2 |  884.0 |
               +--------+--------+--------+--------+--------+-----+--------+

Top non-repeatable levels by time:
     D:1: 1285 daAuts
     D:2: 483 daAuts
